 Seeded DCSS version 0.29-a0-551-gffc1d7fb78 (webtiles) character file.

Game seed: 20220606 (custom seed)

2772 a11behringer the Basher (level 9, -1/55 HPs)
             Began as a Gargoyle Berserker on June 6, 2022.
             Was a Priest of Trog.
             Slain by an ogre
             ... wielding a +0 halberd
              (9 damage)
             ... in a bailey.
             The game lasted 00:18:51 (6221 turns).

a11behringer the Basher (Gargoyle Berserker)        Turns: 6221, Time: 00:18:52

Health: -1/55      AC: 19    Str: 40    XL:     9   Next: 70%
Magic:  9/9        EV: 10    Int:  7    God:    Trog [***...]
Gold:   466        SH:  0    Dex:  9    Spells: 8/8 levels left

rFire   . . .      SeeInvis .   r - +1 morningstar
rCold   . . .      Faith    .   (no shield)
rNeg    + . .      Spirit   .   d - +0 chain mail
rPois   ∞          Reflect  .   e - +0 helmet of Filth {Str+8}
rElec   +          Harm     .   m - scarf {+Inv}
rCorr   .          Rampage  .   k - +0 pair of gloves
Will    .....                   (no boots)
Stlth   ..........              l - amulet of magic regeneration
HPRegen 0.18/turn               u - +6 ring of strength
MPRegen 0.51/turn               (no ring)

@: on berserk cooldown, slowed, very slow
A: sickness immunity, AC +6, negative energy resistance 1, electricity
resistance, torment resistance 1, petrification resistance
a: Renounce Religion, Evoke Invisibility, Berserk, Trog's Hand


You were in a bailey.
You worshipped Trog.
Trog was most pleased with you.
You visited 1 branch of the dungeon, and saw 7 of its levels.
You also visited: Bailey.

You collected 466 gold pieces.

Inventory:

Hand Weapons
 a - a +0 mace
 f - a +2 hunting sling of freezing
 n - a +0 hunting sling
 r - a +1 morningstar (weapon)
Missiles
 o - a throwing net (quivered)
Armour
 b - a +0 animal skin
 d - a +0 chain mail (worn)
 e - the +0 helmet of Filth (worn) {Str+8}
   (You found it on level 5 of the Dungeon)

   Str:       It affects your strength (+8).
 k - a +0 pair of gloves (worn)
 m - a scarf of invisibility (worn)
 x - a +2 helmet
 D - a +0 troll leather armour
Jewellery
 l - an amulet of magic regeneration (around neck)
 u - a +6 ring of strength (left hand)
Wands
 q - a wand of paralysis (5)
 F - a wand of flame (20)
Scrolls
 j - 2 scrolls of fear
 p - 7 scrolls of teleportation
 y - a scroll of poison
 G - a scroll of immolation
Potions
 c - a potion of flight {unknown}
 g - a potion of lignification
 h - 3 potions of might
 i - 2 potions of brilliance
 s - a potion of berserk rage
 t - 5 potions of curing
 v - a potion of cancellation
 w - a potion of mutation {unknown}
 z - a potion of invisibility
 A - 5 potions of heal wounds
 B - a potion of resistance {unknown}
 C - 2 potions of haste {unknown}


   Skills:
 + Level 6.0 Fighting
 * Level 10.6 Maces & Flails
 + Level 6.0 Armour
 + Level 2.4 Dodging
 - Level 1.9 Stealth
 * Level 2.2 Evocations


You had 8 spell levels left.
You didn't know any spells.
Your spell library was empty.

Dungeon Overview and Level Annotations

Branches:
Dungeon (7/15)             Temple (0/1) D:4          Bailey (1/1)

Altars:
Ashenzari
Dithmenos
Elyvilon
Kikubaaqudgha
Makhleb
Nemelex Xobeh
Okawaru
Uskayaw
Wu Jian
Zin
Beogh

Shops:
D:3 (


Innate Abilities, Weirdness & Mutations

You are immune to sickness and miasma.
Your stone body is resilient. (AC +6)
You are immune to poison.
You resist negative energy. (rN+)
You are resistant to electric shocks. (rElec)
You are resistant to unholy torment.
You are immune to petrification.


Message History

The ogre barely misses you.
You miss the spriggan.
The spriggan hits you but does no damage.
You closely miss the spriggan.
You are no longer berserk.
You are exhausted.
You feel yourself slow down.
The ogre hits you from afar with a +0 halberd!
* * * LOW HITPOINT WARNING * * *
You impale the spriggan!!
The spriggan is severely wounded.
The spriggan hits you with a +0 trident.
* * * LOW HITPOINT WARNING * * *
The spriggan hits you but does no damage.
The ogre barely misses you.
You barely miss the spriggan.
The spriggan is severely wounded.
The spriggan closely misses you.
The ogre hits you from afar with a +0 halberd.
* * * LOW HITPOINT WARNING * * *
You feel much better.
Your skin stops crawling.
You feel less strong-willed.
The spriggan hits you but does no damage.
The spriggan hits you with a +0 trident.
The ogre barely misses you.
You completely miss the spriggan.
The spriggan is severely wounded.
The spriggan hits you with a +0 trident.
The ogre completely misses you.
You barely miss the spriggan.
The spriggan is severely wounded.
The spriggan closely misses you.
The spriggan hits you but does no damage.
The ogre misses you.
You closely miss the spriggan.
The spriggan is severely wounded.
The spriggan hits you with a +0 trident!
* * * LOW HITPOINT WARNING * * *
The ogre hits you from afar with a +0 halberd!
You die...

#########
#.......##
......)@)##
...≈≈Oi...##
####≈###♣..##
.. ##..## ..♣
♣♣..# . #..#
♣..# ♣..#
#..#


You could see an ogre and a spriggan.

Vanquished Creatures
  A kobold demonologist (D:6)
  A troll (D:6)
  2 spriggans (Bailey)
  2 water moccasins
  A black bear (D:5)
  5 ogres
  A phantom (D:5)
  Blork the orc (D:5)
  2 bullfrogs
  A scorpion (D:6)
  7 killer bees (D:7)
  A howler monkey (D:3)
  2 gnoll shamans
  A hound (D:7)
  An iguana (D:6)
  3 orc wizards
  Robin (D:3)
  15 gnolls
  14 adders
  2 shadow imps
  A white imp (D:6)
  2 ufetubi (D:6)
  3 worms
  3 dart slugs
  14 orcs
  5 endoplasms
  2 giant cockroaches
  17 goblins
  6 hobgoblins
  2 quokkas
  4 ball pythons
  3 bats
  A frilled lizard (D:1)
  5 kobolds
  6 rats
138 creatures vanquished.

Notes
Turn   | Place    | Note
-------+----------+-------------------------------------------
     0 | D:1      | a11behringer the Gargoyle Berserker began the quest for the
                  | Orb.
     0 | D:1      | Reached XP level 1. HP: 14/14 MP: 1/1
   406 | D:1      | Reached XP level 2. HP: 15/19 MP: 2/2
   612 | D:1      | Found a faded altar of an unknown god.
  1033 | D:2      | Reached XP level 3. HP: 24/24 MP: 3/3
  1306 | D:2      | Reached ** piety under Trog
  1307 | D:2      | Reached skill level 4 in Maces & Flails
  1375 | D:2      | Reached XP level 4. HP: 29/29 MP: 4/4
  1607 | D:3      | Found Watic Nimeh's Weapon Shoppe.
  1616 | D:3      | Noticed Robin
  1641 | D:3      | Killed Robin
  1884 | D:3      | Reached skill level 1 in Stealth
  1884 | D:3      | Reached XP level 5. HP: 33/33 MP: 5/5
  2676 | D:4      | Found a staircase to the Ecumenical Temple.
  2694 | D:4      | Reached skill level 5 in Maces & Flails
  2886 | D:4      | Reached XP level 6. HP: 36/38 MP: 6/6
  3049 | D:4      | Found a broken altar of Ashenzari.
  3291 | D:5      | Entered Level 5 of the Dungeon
  3323 | D:5      | Noticed a black bear
  3330 | D:5      | Killed a black bear
  3331 | D:5      | Reached skill level 6 in Maces & Flails
  3342 | D:5      | Identified the +0 helmet of Filth {Str+8}
  3387 | D:5      | Noticed Blork the orc
  3398 | D:5      | Killed Blork the orc
  3399 | D:5      | Reached XP level 7. HP: 34/44 MP: 7/7
  3478 | D:5      | Noticed a +0 dagger
  3479 | D:5      | Noticed a +0 short sword
  3479 | D:5      | Noticed a +0 spear
  3479 | D:5      | Noticed a +0 spear
  3479 | D:5      | Noticed a +0 falchion
  3480 | D:5      | Noticed a +0 falchion
  3480 | D:5      | Noticed a +0 dagger
  3481 | D:5      | Noticed a +0 short sword
  3485 | D:5      | Found a hide-covered altar of Uskayaw.
  3720 | D:5      | Reached skill level 7 in Maces & Flails
  3730 | D:5      | Reached *** piety under Trog
  4103 | D:5      | Found a transporter.
  4235 | D:5      | Found a transporter.
  4537 | D:6      | Reached XP level 8. HP: 48/48 MP: 8/8
  4553 | D:6      | Noticed a troll
  4562 | D:6      | Killed a troll
  4563 | D:6      | Reached skill level 5 in Fighting
  4563 | D:6      | Reached skill level 8 in Maces & Flails
  4748 | D:6      | Noticed a kobold demonologist
  4750 | D:6      | Noticed a smoke demon
  4753 | D:6      | Noticed a sixfirhy
  4754 | D:6      | Noticed an orange demon
  4758 | D:6      | Killed a kobold demonologist
  4759 | D:6      | Reached skill level 9 in Maces & Flails
  5010 | D:6      | Reached skill level 5 in Armour
  5142 | D:6      | Found a white marble altar of Elyvilon.
  5142 | D:6      | Found a burning altar of Makhleb.
  5474 | D:6      | Reached XP level 9. HP: 54/54 MP: 9/9
  5632 | D:6      | Found an ancient bone altar of Kikubaaqudgha.
  5635 | D:6      | Found an iron altar of Okawaru.
  5690 | D:6      | Found a sparkling altar of Nemelex Xobeh.
  5690 | D:6      | Found a shadowy altar of Dithmenos.
  5692 | D:6      | Found a glowing silver altar of Zin.
  5844 | D:7      | Reached skill level 1 in Evocations
  5876 | D:7      | Found an ornate altar of the Wu Jian Council.
  5993 | D:7      | Reached skill level 10 in Maces & Flails
  6142 | D:7      | Found a flagged portal.
  6151 | Bailey   | Entered a bailey
  6221 | Bailey   | Slain by an ogre

Illustrated notes

Levels and vault maps discovered:
D:1:      dpeg_arrival_lava_temple_mockup, layout_loops_ring,
          hellmonk_ecumenical_altar_defaced_shrine
D:2:      minmay_general_purpose_star, layout_rooms
D:3:      layout_rooms, serial_rivers, chequers_serial_rivers_micro_c,
          chequers_serial_rivers_small_b, chequers_serial_rivers_large_a,
          chequers_serial_rivers_small_b, chequers_serial_rivers_room_b,
          chequers_serial_rivers_micro_a, serial_shops, shop, uniq_robin
D:4:      layout_gridville, lemuel_doored_altar, minmay_temple_entry_ruins
D:5:      gammafunk_wand_slinger, layout_basic, nicolae_uskayaw_en_pointe,
          uniq_blork_the_orc
D:6:      minmay_opposing_rooms, layout_basic, nicolae_overflow_hidden_temple,
          gammafunk_temple_overflow_statue
D:7:      layout_layer_cave, amcnicky_altar_gilded, enter_bailey_1
Bailey:   bailey_polearm_enchanted_keep_hellmonk, bailey

Skill      XL: |  1  2  3  4  5  6  7  8  9 |
---------------+----------------------------+-----
Maces & Flails | 4 5 6 7 9 10 | 10.6
Fighting       | 4 5 6 |  6.0
Stealth        | 1 |  1.9
Armour         | 3 4 5 6 |  6.0
Dodging        | 2 |  2.4
Evocations     | 2 |  2.2

Action                   |  1- 3 |  4- 6 |  7- 9 || total
-------------------------+-------+-------+-------++-------
Melee: Mace              |    97 |       |       ||    97
       Morningstar       |     1 |   153 |   262 ||   416
       Punch             |     1 |       |     3 ||     4
Invok: Berserk           |       |     2 |     6 ||     8
       Trog's Hand       |       |     2 |     5 ||     7
  Use: Scroll            |       |    13 |     3 ||    16
       Potion            |       |       |     1 ||     1
Armor: Chain mail        |    78 |   144 |   231 ||   453
Dodge: Dodged            |    23 |    83 |   194 ||   300

Table legend: (Time is in decaauts)
 A = Elapsed time spent in this place.
 B = Non-inter-level travel time spent in this place.
 C = Inter-level travel time spent in this place.
 D = Time resting spent in this place.
 E = Time spent auto-exploring this place.
 F = Levels seen in this place.
 G = Mean time per level.
                   A        B        C        D        E       F      G
               +--------+--------+--------+--------+--------+-----+--------+
         Total |   6367 |   5664 |    703 |      0 |   4496 |   8 |  795.9 |
       Dungeon |   6301 |   5598 |    703 |      0 |   4496 |   7 |  900.1 |
        Bailey |     65 |     65 |      0 |      0 |      0 |   1 |   65.0 |
               +--------+--------+--------+--------+--------+-----+--------+

Top non-repeatable levels by time:
     D:6: 1269 daAuts
     D:5: 1234 daAuts
     D:3: 992 daAuts
     D:1: 892 daAuts
     D:4: 819 daAuts
     D:2: 666 daAuts
     D:7: 425 daAuts
  Bailey: 65 daAuts
